 Dungeon Crawl Stone Soup version 0.27-a0-660-g90476cec82 (webtiles) character file.

Game seed: 1113392129237230788

5299 theanonym the Frost Mage (level 10, 0/61 HPs)
             Began as a Gargoyle Ice Elementalist on Mar 16, 2021.
             Was an Initiate of Vehumet.
             Slain by a two-headed ogre
             ... wielding a +0 giant club
              (23 damage)
             ... on level 9 of the Dungeon on Mar 17, 2021.
             The game lasted 00:27:32 (13670 turns).

theanonym the Frost Mage (GrIE)                    Turns: 13670, Time: 00:27:32

Health: 0/61       AC: 12    Str: 13    XL:     10   Next: 63%
Magic:  10/21      EV: 11    Int: 20    God:    Vehumet [......]
Gold:   498        SH:  0    Dex: 10    Spells: 10/23 levels left

rFire    + . .     SeeInvis .   a - +3 dagger (elec)
rCold    . . .     Faith    .   (no shield)
rNeg     + . .     Spirit   .   j - +0 leather armour
rPois    ∞         Reflect  .   (no helmet)
rElec    +         Harm     .   (no cloak)
rCorr    .         Rampage  .   (no gloves)
Will     .....                  g - +0 pair of boots
Stlth    ++........             e - amulet of regeneration
HPRegen  1.20/turn              (no ring)
MPRegen  0.17/turn              (no ring)

@: no status effects
A: AC +7, negative energy resistance 1, electricity resistance, torment
resistance 1, unbreathing 1, petrification resistance, fire resistance 1, strong
1
a: Renounce Religion


Innate Abilities, Weirdness & Mutations

Your stone body is resilient. (AC +7)
You are immune to poison.
You resist negative energy. (rN+)
You are resistant to electric shocks. (rElec)
You are resistant to unholy torment.
You can survive without breathing.
You are immune to petrification.
Your flesh is heat resistant. (rF+)
Your muscles are strong. (Str +2)


   Skills:
 - Level 6.4 Fighting
 + Level 4.9 Armour
 - Level 1.5 Dodging
 - Level 2.1 Stealth
 + Level 7.3 Spellcasting
 - Level 5.0 Conjurations
 - Level 2.0 Translocations
 - Level 10.0 Ice Magic
 - Level 3.0 Poison Magic


You had 10 spell levels left.
You knew the following spells:

 Your Spells              Type           Power      Damage    Failure   Level
a - Freeze                Ice            100%       1d11      1%          1
b - Hailstorm             Conj/Ice       37%        3d9       4%          4
c - Ozocubu's Armour      Ice            47%        N/A       1%          3
d - Mephitic Cloud        Conj/Pois/Air  18%        N/A       11%         3
l - Blink                 Tloc           N/A        N/A       8%          2

Your spell library contained the following spells:

 Spells                   Type           Power      Damage    Failure   Level
 Magic Dart               Conj           100%       1d8       1%          1
 Frozen Ramparts          Ice            94%        1d11      1%          3
 Animate Skeleton         Necr           14%        N/A       11%         1
 Pain                     Necr           28%        1d5       11%         1
 Conjure Flame            Conj/Fire      17%        6-21      12%         3
 Summon Ice Beast         Ice/Summ       27%        N/A       14%         4
 Call Imp                 Summ           7%         N/A       17%         2
 Slow                     Hex            7%         N/A       17%         2
 Vampiric Draining        Necr           3%         2d6       32%         3
 Animate Dead             Necr           3%         N/A       73%         4
 Agony                    Necr           7%         N/A       97%         5

Skill      XL: |  1  2  3  4  5  6  7  8  9 10 |
---------------+-------------------------------+-----
Ice Magic      | 5 6 7 8 9 10 | 10.0
Spellcasting   | 5 7 |  7.3
Conjurations   | 3 5 |  5.0
Fighting       | 6 |  6.4
Translocations | 2 |  2.0
Poison Magic   | 3 |  3.0
Armour         | 4 |  4.9
Dodging        | |  1.5
Stealth        | |  2.1

Action                   |  1- 3 |  4- 6 |  7- 9 | 10-12 || total
-------------------------+-------+-------+-------+-------++-------
Melee: Short sword       |    38 |       |       |       ||    38
       Dagger            |    58 |    75 |   229 |    65 ||   427
       Hand axe          |       |       |    10 |       ||    10
 Cast: Freeze            |    53 |    59 |   176 |    30 ||   318
       Ozocubu's Armour  |       |     6 |    10 |     3 ||    19
       Hailstorm         |       |       |    21 |    10 ||    31
       Mephitic Cloud    |       |       |     1 |       ||     1
Evoke: Wand              |       |       |     4 |     4 ||     8
  Use: Scroll            |       |     8 |     6 |       ||    14
       Potion            |       |       |     8 |     1 ||     9
 Stab: Sleeping          |       |     4 |     3 |       ||     7
Armor: Robe              |    68 |    58 |   165 |    45 ||   336
       Skin              |       |       |    32 |       ||    32
       Leather armour    |       |       |       |    31 ||    31
Dodge: Dodged            |    90 |    99 |   220 |   106 ||   515

Inventory:

Hand Weapons
 a - a +3 dagger of electrocution (weapon)
Armour
 c - a +0 robe
 g - a +0 pair of boots (worn)
 j - a +0 leather armour (worn)
 n - a +0 kite shield
Jewellery
 e - an amulet of regeneration (around neck)
 o - an amulet of faith
Wands
 i - a wand of polymorph (7)
 k - a wand of paralysis (13)
 v - a wand of acid (4)
Scrolls
 b - a scroll of noise
 d - 2 scrolls of fear
 f - 4 scrolls of fog
 l - 3 scrolls of amnesia
 r - 4 scrolls of identify
 t - a scroll of teleportation
 B - a scroll of blinking
Potions
 h - a potion of invisibility {unknown}
 m - a potion of might
 q - a potion of heal wounds


You were on level 9 of the Dungeon.
You worshipped Vehumet.
Vehumet was noncommittal.
You visited 2 branches of the dungeon, and saw 10 of its levels.

You collected 498 gold pieces.

Dungeon Overview and Level Annotations

Branches:
Dungeon (9/15)             Temple (1/1) D:7
   Lair: D:8-11         Orc: D:9-12

Altars:
Dithmenos
Elyvilon
Fedhas
Kikubaaqudgha
Makhleb
Ru
Sif Muna
Trog
Uskayaw
Vehumet

Shops:
D:7

( ####'#####
.........# ....)....#
.........# ######+##
.........# #.......#
.........####..)....#
.........'..'.......+
.........####.......#
.........# ####@####
.........# #O#
#######'## #.# #.#
#.# #.# #># #.# #..
#.# ##. ..# . .##


You could see a two-headed ogre.

Notes
Turn   | Place    | Note
-------+----------+-------------------------------------------
     0 | D:1      | theanonym the Gargoyle Ice Elementalist began the quest for
                  | the Orb.
     0 | D:1      | Reached XP level 1. HP: 10/10 MP: 3/3
    36 | D:1      | HP: 2/10 [hobgoblin/+0 club (5)]
    59 | D:1      | HP: 1/10 [kobold (1)]
   134 | D:1      | Reached XP level 2. HP: 6/15 MP: 3/5
   317 | D:1      | You fall into a shaft and drop 1 floor!
   370 | D:2      | HP: 3/15 [orc/+0 whip (8)]
   606 | D:2      | HP: 6/15 [hobgoblin (4)]
   608 | D:2      | Reached XP level 3. HP: 8/19 MP: 3/6
   619 | D:2      | HP: 6/19 [rat (1)]
   627 | D:2      | Reached skill level 5 in Ice Magic
   685 | D:2      | HP: 9/19 [bat (1)]
   852 | D:2      | Learned a level 3 spell: Ozocubu's Armour
  1405 | D:1      | HP: 9/19 [jackal (1)]
  1449 | D:1      | HP: 9/19 [giant cockroach (1)]
  1720 | D:1      | Reached XP level 4. HP: 24/24 MP: 5/7
  2179 | D:2      | Found a shimmering blue altar of Sif Muna.
  2477 | D:3      | Noticed a black bear
  2484 | D:3      | Killed a black bear
  2485 | D:3      | Reached skill level 6 in Ice Magic
  2485 | D:3      | Reached XP level 5. HP: 18/28 MP: 0/8
  2707 | D:2      | HP: 7/28 [gnoll/+0 flail (11)]
  3071 | D:3      | Reached skill level 7 in Ice Magic
  3071 | D:3      | Reached XP level 6. HP: 32/32 MP: 4/9
  3373 | D:2      | Learned a level 4 spell: Hailstorm
  3795 | D:3      | HP: 16/32 [worker ant (5)]
  3800 | D:3      | HP: 12/32 [worker ant (2)]
  4241 | D:4      | HP: 12/32 [orc priest/nerve-wracking pain (5)]
  4514 | D:3      | Reached skill level 8 in Ice Magic
  4545 | D:4      | Reached XP level 7. HP: 26/36 MP: 2/10
  5179 | D:4      | Reached skill level 9 in Ice Magic
  5337 | D:4      | Found a white marble altar of Elyvilon.
  5403 | D:5      | Entered Level 5 of the Dungeon
  5708 | D:5      | HP: 16/36 [orc/+0 mace (4)]
  6063 | D:5      | HP: 27/54 [hornet zombie (3)]
  6072 | D:5      | HP: 20/54 [hornet zombie (5)]
  6091 | D:5      | HP: 18/54 [hornet zombie (2)]
  6093 | D:5      | Gained mutation: Your muscles are strong. (Str +2) [potion
                  | of mutation]
  6093 | D:5      | Gained mutation: Your flesh is heat resistant. (rF+)
                  | [potion of mutation]
  6096 | D:5      | HP: 22/81 [hornet zombie (6)]
  6101 | D:5      | HP: 19/81 [hornet zombie (4)]
  6105 | D:5      | HP: 9/81 [hornet zombie (3)]
  6109 | D:5      | Reached XP level 8. HP: 11/41 MP: 11/11
  7148 | D:5      | Noticed Grinder
  7154 | D:5      | Paralysed by Grinder for 2 turns
  7163 | D:5      | Noticed Grinder
  7163 | D:5      | Grinder changed into Grinder the red devil
  7164 | D:5      | HP: 13/41 [Grinder the red devil (10)]
  7447 | D:5      | Killed Grinder the red devil
  7448 | D:5      | Reached skill level 3 in Spellcasting
  7448 | D:5      | Reached skill level 10 in Ice Magic
  7557 | D:5      | Reached skill level 1 in Conjurations
  7816 | D:6      | Reached skill level 4 in Spellcasting
  7917 | D:5      | HP: 17/41 [wight/+3 halberd (10)]
  7921 | D:5      | HP: 1/41 [wight/+3 halberd (8)]
  8219 | D:5      | Reached skill level 2 in Conjurations
  8635 | D:6      | Reached skill level 3 in Conjurations
  8827 | D:6      | Reached skill level 5 in Spellcasting
  9145 | D:6      | Reached XP level 9. HP: 43/46 MP: 14/16
  9160 | D:6      | Learned a level 2 spell: Blink
  9164 | D:6      | Learned a level 3 spell: Mephitic Cloud
  9267 | D:6      | HP: 20/46 [orc warrior/+0 flail (14)]
  9269 | D:6      | Reached skill level 1 in Fighting
  9269 | D:6      | Reached skill level 4 in Conjurations
  9500 | D:6      | Reached skill level 1 in Translocations
  9510 | D:6      | HP: 24/48 [orc wizard/puff of flame (4)]
  9665 | D:6      | Reached skill level 2 in Fighting
 10023 | D:6      | Found a sacrificial altar of Ru.
 10039 | D:6      | Reached skill level 2 in Translocations
 10516 | D:6      | Reached skill level 3 in Fighting
 10516 | D:6      | Reached skill level 5 in Conjurations
 10516 | D:6      | Reached skill level 1 in Poison Magic
 10626 | D:6      | Reached skill level 2 in Poison Magic
 10872 | D:7      | Reached skill level 4 in Fighting
 11131 | D:7      | Found Plog's Hydra Hut.
 11132 | D:7      | Noticed a seven-headed hydra
 11197 | D:7      | Noticed Maggie
 11208 | D:7      | Killed Maggie
 11209 | D:7      | Reached skill level 5 in Fighting
 11209 | D:7      | Reached skill level 3 in Poison Magic
 12060 | D:7      | Reached skill level 6 in Fighting
 12354 | D:7      | Reached XP level 10. HP: 60/60 MP: 14/18
 12403 | D:7      | Found a staircase to the Ecumenical Temple.
 12412 | Temple   | Entered the Ecumenical Temple
 12419 | Temple   | Became a worshipper of Vehumet
 13028 | D:8      | Noticed a centaur warrior
 13030 | D:8      | Reached skill level 6 in Spellcasting
 13033 | D:8      | Reached skill level 1 in Armour
 13036 | D:8      | Killed a centaur warrior
 13037 | D:8      | Reached skill level 3 in Armour
 13038 | D:8      | Noticed a harpy
 13046 | D:8      | Killed a harpy
 13047 | D:8      | Reached skill level 4 in Armour
 13047 | D:8      | Reached skill level 7 in Spellcasting
 13215 | D:8      | Found a shadowy altar of Dithmenos.
 13216 | D:8      | Found an ancient bone altar of Kikubaaqudgha.
 13661 | D:9      | Noticed a two-headed ogre
 13668 | D:9      | HP: 30/61 [two-headed ogre/+0 giant club (18)]
 13670 | D:9      | Slain by a two-headed ogre

Vanquished Creatures
  A centaur warrior (D:8)
  A harpy (D:8)
  Maggie (D:7)
  A red devil (D:5)
  A troll (D:8)
  A steam dragon (D:8)
  A hornet zombie (D:5)
  2 black bears
  2 orc warriors (D:6)
  A sky beast (D:8)
  5 ogres
  A centaur (D:6)
  6 bullfrogs
  A gnoll sergeant (D:7)
  A wyvern skeleton (D:6)
  4 wights
  6 howler monkeys
  2 quasits
  2 bullfrog zombies
  7 orc priests
  A bullfrog skeleton (D:7)
  5 hounds
  5 iguanas
  9 orc wizards
  7 worker ants
  A hound zombie (D:9)
  A hound skeleton (D:5)
  2 howler monkey zombies (D:6)
  9 gnolls
  12 adders
  A white imp (D:8)
  An ufetubus (D:8)
  3 worms
  4 dart slugs
  A leopard gecko (D:2)
  38 orcs
  6 giant cockroaches
  5 goblins
  9 hobgoblins
  8 jackals
  8 kobolds
  2 quokkas
  A ball python (D:8)
  10 bats
  5 frilled lizards
  3 leopard gecko skeletons
  2 quokka skeletons
  A quokka zombie (D:8)
  5 rats (D:2)
212 creatures vanquished.

Vanquished Creatures (others)
  25 plants
25 creatures vanquished.

Grand Total: 237 creatures vanquished

Table legend: (Time is in decaauts)
 A = Elapsed time spent in this place.
 B = Non-inter-level travel time spent in this place.
 C = Inter-level travel time spent in this place.
 D = Time resting spent in this place.
 E = Time spent auto-exploring this place.
 F = Levels seen in this place.
 G = Mean time per level.
                   A        B        C        D        E       F      G
               +--------+--------+--------+--------+--------+-----+--------+
         Total |  13691 |  13191 |    500 |   6165 |   5163 |  10 | 1369.1 |
       Dungeon |  13676 |  13182 |    494 |   6165 |   5163 |   9 | 1519.6 |
        Temple |     14 |      8 |      6 |      0 |      0 |   1 |   14.0 |
               +--------+--------+--------+--------+--------+-----+--------+

Top non-repeatable levels by time:
     D:5: 2962 daAuts
     D:6: 2390 daAuts
     D:3: 1948 daAuts
     D:7: 1873 daAuts
     D:2: 1450 daAuts
     D:1: 1316 daAuts
     D:4: 884 daAuts
     D:8: 788 daAuts
     D:9: 60 daAuts
  Temple: 14 daAuts
